 Dungeon Crawl Stone Soup version 0.29.1-13-g9f3cf754e1 (webtiles) character file.

Game seed: 12255952879123306243

13 Thatpatchoflichen the Ducker (level 2, 0/22 HPs)
             Began as a Mummy Gladiator on Jan 26, 2023.
             Slain by a gnoll
             ... wielding a +0 whip
              (5 damage)
             ... on level 1 of the Dungeon.
             The game lasted 00:01:15 (612 turns).

Thatpatchoflichen the Ducker (Mummy Gladiator)       Turns: 612, Time: 00:01:16

Health: 0/22       AC:  4    Str: 17    XL:     2   Next: 24%
Magic:  2/2        EV: 12    Int:  7    God:
Gold:   29         SH:  0    Dex: 13    Spells: 1/1 levels left

rFire   x . .      SeeInvis .     - Unarmed
rCold   + . .      Faith    .   (no shield)
rNeg    + + +      Spirit   .   a - +0 leather armour
rPois   ∞          Reflect  .   b - +0 helmet
rElec   .          Harm     .   (no cloak)
rCorr   .          Rampage  .   (no gloves)
Will    .....                   (no boots)
Stlth   +.........              (no amulet)
HPRegen 0.07/turn               (no ring)
MPRegen 0.08/turn               (no ring)

@: no status effects
A: cold resistance 1, negative energy resistance 3, torment resistance 2, heat
vulnerability 1, no potions
a: no special abilities


You were on level 1 of the Dungeon.
You visited 1 branch of the dungeon, and saw 1 of its levels.

You collected 29 gold pieces.

Inventory:

Missiles
 c - 3 throwing nets (quivered)
 d - a javelin
Armour
 a - a +0 leather armour (worn)
 b - a +0 helmet (worn)


   Skills:
 + Level 2.2 Fighting
 - Level 1.7 Throwing
 + Level 0.2 Armour
 + Level 2.5 Dodging
 + Level 2.5 Unarmed Combat


You had one spell level left.
You didn't know any spells.
Your spell library was empty.

Dungeon Overview and Level Annotations

Branches:
Dungeon (1/15)

Altars:


Innate Abilities, Weirdness & Mutations

You are immune to poison.
Your flesh is cold resistant. (rC+)
You are immune to negative energy. (rN+++)
You are immune to unholy pain and torment.
You are vulnerable to heat. (rF-)
You do not drink.


Message History

The dart slug is moderately wounded.
The dart slug bites you.
You punch the dart slug!
You kill the dart slug!
Found 2 fuming silvery potions.
A gnoll comes into view. It is wielding a +0 whip.
The gnoll shouts! 2 bats come into view.
Found a stone staircase leading down.
The bat barely misses you. The gnoll hits you with a +0 whip!
You see here 9 gold pieces.
You hit the bat but do no damage. The bat barely misses you.
The bat hits you but does no damage. The gnoll barely misses you.
The gnoll attacks as you move away! The gnoll barely misses you.
The bat hits you but does no damage. x2; The bat misses you.
You hit the bat but do no damage. The bat closely misses you. x2
The bat hits you but does no damage. The gnoll hits you with a +0 whip!
You hit the gnoll but do no damage. The bat closely misses you.
The bat misses you. The gnoll barely misses you.
You hit the gnoll but do no damage. The bat misses you.
The bat barely misses you. The gnoll hits you with a +0 whip.
You hit the gnoll but do no damage. You punch the gnoll, but do no damage.
The bat closely misses you. The bat misses you. The bat closely misses you.
The gnoll barely misses you.
You hit the gnoll.
The gnoll is lightly wounded.
The bat hits you but does no damage. The bat barely misses you.
The bat completely misses you. The gnoll barely misses you.
You barely miss the gnoll.
The gnoll is lightly wounded.
The bat hits you.
* * * LOW HITPOINT WARNING * * *
The bat completely misses you. The bat closely misses you.
The gnoll barely misses you. The bat hits you but does no damage.
You closely miss the bat. You punch the bat.
You kill the bat!
The bat hits you.
* * * LOW HITPOINT WARNING * * *
The gnoll hits you with a +0 whip.
You die...

#.###.# #.#
#.#
#.###.#####
#.........#
###.#####.#
#.# #.# #.#
#.# #.# #.#
#.#
#@######
#.#
#g.>...#
#.#
#.b....#
#.#
##.......
.....##
.....#
######


You could see a gnoll and a bat.

Vanquished Creatures
  A dart slug (D:1)
  An endoplasm (D:1)
  A giant cockroach (D:1)
  A hobgoblin (D:1)
  3 jackals (D:1)
  2 ball pythons (D:1)
  A bat (D:1)
  A rat (D:1)
11 creatures vanquished.

Notes
Turn   | Place    | Note
-------+----------+-------------------------------------------
     0 | D:1      | Thatpatchoflichen the Mummy Gladiator began the quest for
                  | the Orb.
     0 | D:1      | Reached XP level 1. HP: 16/16 MP: 1/1
   471 | D:1      | Reached XP level 2. HP: 22/22 MP: 2/2
   612 | D:1      | Slain by a gnoll

Illustrated notes

Levels and vault maps discovered:
D:1:      saegor_arrival_simple_b, layout_loops_ring, serial_bayou_pond_e

Action                   || total
-------------------------++-------
Melee: Unarmed           ||    42
       Punch             ||     2
 Stab: Sleeping          ||     1
Armor: Leather armour    ||    13
Dodge: Dodged            ||    38
